 Dungeon Crawl Stone Soup version 0.28.0-43-g3370ac3207 (webtiles) character file.

Game seed: 13280195122040160276

3775 experimilk the Archer (level 9, -26/45 HPs)
             Began as a Deep Elf Arcane Marksman on Mar 13, 2022.
             Was a Priest of Hepliaklqana.
             Killed by an exploding adder (41 damage)
             ... ignited by their inner flame
             ... on level 8 of the Dungeon.
             The game lasted 00:54:01 (13720 turns).

experimilk the Archer (Deep Elf Arcane Marksman)   Turns: 13720, Time: 00:54:01

Health: -26/45     AC:  5    Str:  9    XL:     9   Next: 95%
Magic:  10/17      EV: 14    Int: 21    God:    Hepliaklqana [***...]
Gold:   381        SH:  0    Dex: 15    Spells: 6/17 levels left

rFire   . . .      SeeInvis .   a - +3 shortbow
rCold   . . .      Faith    .   (shield currently unavailable)
rNeg    . . .      Spirit   .   d - +0 robe
rPois   .          Reflect  .   e - +2 helmet
rElec   .          Harm     .   (no cloak)
rCorr   .          Rampage  .   (no gloves)
Will    .....                   (no boots)
Stlth   +.........              (no amulet)
HPRegen 0.15/turn               (no ring)
MPRegen 0.15/turn               (no ring)

@: slowed, very slow
A: reduced essence
a: Renounce Religion, Recall Ancestor, Ancestor Identity, Transference


You were on level 8 of the Dungeon.
You worshipped Hepliaklqana.
Hepliaklqana was most pleased with you.
You visited 1 branch of the dungeon, and saw 8 of its levels.

You collected 381 gold pieces.

Inventory:

Hand Weapons
 a - a +3 shortbow (weapon)
 b - a +0 short sword of freezing
 c - a +0 whip of electrocution
 f - a +0 club
 i - a +0 short sword
 o - a +0 short sword of protection
 z - a +0 dagger of holy wrath
Missiles
 j - 41 arrows (quivered ammo)
 l - 171 stones
 w - 22 poisoned darts
Armour
 d - a +0 robe (worn)
 e - a +2 helmet (worn)
 k - a +0 leather armour
Jewellery
 m - a ring of fire
Wands
 p - a wand of acid (3)
 s - a wand of flame (13)
 u - a wand of polymorph (10)
Scrolls
 h - 2 scrolls of enchant armour
 q - a scroll of amnesia
 x - a scroll of immolation {unknown}
 y - a scroll of magic mapping {unknown}
Potions
 g - a potion of magic
 n - a potion of curing
 r - a potion of mutation {unknown}
 t - a potion of invisibility {unknown}
 v - 2 potions of attraction {unknown}


   Skills:
 + Level 3.4 Fighting
 - Level 4.5 Short Blades
 * Level 12.4 Bows
 - Level 4.5 Dodging
 - Level 4.5 Spellcasting
 - Level 9.0 Hexes
 + Level 4.3 Invocations


You had 6 spell levels left.
You knew the following spells:

 Your Spells              Type           Power      Damage    Failure   Level
a - Slow                  Hex            100%       N/A       1%          1
b - Inner Flame           Hex/Fire       23%        N/A       5%          3
c - Cause Fear            Hex            21%        N/A       2%          4
d - Portal Projectile     Hex/Tloc       46%        N/A       5%          3

Your spell library contained the following spells:

 Spells                   Type           Power      Damage    Failure   Level
 Dazzling Flash           Conj/Hex       46%        N/A       5%          3
 Silence                  Hex/Air        11%        N/A       45%         5
 Agony                    Necr           4%         N/A       97%         5


Dungeon Overview and Level Annotations

Branches:
Dungeon (8/15)             Temple (0/1) D:4
   Lair: D:8-11

Altars:
Hepliaklqana
Sif Muna
Yredelemnul

Annotations:
D:8 exclusion: 2 oklob saplings


Message History

The kobold closely misses you. The adder bites you but does no damage.
Amenemopet hits the kobold with a +0 flail.
The kobold dies!
Casting: Inner Flame (dangerous; 5% risk of failure)
Confirm with . or Enter, or press ? or * to list all spells.
Casting: Cause Fear (dangerous; 2% risk of failure)
Press: ? - help, Dir - look around, f - activate The adder looks frightened!
The howler monkey looks frightened!
The kobold looks frightened! x2; The bullfrog looks frightened!
Casting: Cause Fear (dangerous; 2% risk of failure)
Confirm with . or Enter, or press ? or * to list all spells.
Aiming: Inner Flame (dangerous; 5% risk of failure)
Press: ? - help, Dir - move target, f - adder
Aim: an adder (fleeing, chance to affect: 84%)
Your attack snaps the adder out of its fear.
The adder is filled with an inner flame.
Amenemopet hits the kobold with a +0 flail!
The kobold dies!
Fire: 42 arrows
Press: ? - help, Q - select action, (/) - cycle Shift-Dir - straight line, f/p - adder
Aim: an adder (inner flame, 55% to hit)
You shoot an arrow. The arrow completely misses the adder.
Amenemopet completely misses the adder.
Casting: Inner Flame (dangerous; 5% risk of failure)
Confirm with . or Enter, or press ? or * to list all spells.
Aiming: Slow (safe; 1% risk of failure)
Press: ? - help, Shift-Dir - straight line, f/p - adder
Aim: an adder (inner flame, ally target, chance to affect: 72%)
The adder seems to slow down.
The adder closely misses you.
Amenemopet barely misses the adder.
The adder closely misses you.
Amenemopet hits the adder with a +0 flail.
Flame seeps out of the adder.
The adder is engulfed in blazing flames.
Flame seeps out of the adder.
Amenemopet barely misses the adder.
Amenemopet hits the adder with a +0 flail!
The adder explodes!
Amenemopet avoids your attack. The fiery explosion engulfs you!!!
Ouch! That really hurt!
You die...

#.. #.....#
##h##.....#
#...(.(...#
.#...).....#
.'...).....#
#))).(<...#####
....####R§......
. #§§......
#@§......
+........
#........
.........
#########
##########
##........#


You could see the friendly Amenemopet the knight.

Vanquished Creatures
  A shadow (D:7)
  3 wargs
  3 black bears
  A sky beast (D:6)
  2 ogres
  A phantom (D:5)
  2 kobold brigands
  A wyvern skeleton (D:7)
  3 killer bees (D:7)
  A howler monkey (D:8)
  4 wights (D:7)
  2 gnoll shamans
  2 orc priests
  Ijyb (D:3)
  An iguana (D:6)
  3 orc wizards
  A hound skeleton (D:4)
  7 gnolls
  6 adders
  2 adder skeletons (D:4)
  A worm (D:2)
  2 dart slugs
  14 orcs
  4 bats
  9 endoplasms
  3 giant cockroaches
  8 goblins
  10 hobgoblins
  4 jackals (D:2)
  5 quokkas
  15 ball pythons
  A frilled lizard (D:1)
  18 kobolds
  11 rats
152 creatures vanquished.

Vanquished Creatures (collateral kills)
  Grinder (D:6)
  A steam dragon (D:6)
  A black bear (D:4)
  An ice beast (D:6)
  An orc warrior (D:7)
  2 necrophages (D:5)
  A centaur (D:8)
  A kobold brigand (D:6)
  2 wyvern zombies
  A wyvern skeleton (D:7)
  A killer bee (D:7)
  A wight (D:7)
  A howler monkey (D:6)
  3 bullfrog zombies
  A bullfrog skeleton (D:6)
  A centaur zombie (D:6)
  An orc priest (D:8)
  2 hounds
  An iguana (D:7)
  An orc wizard (D:7)
  A killer bee zombie (D:7)
  3 gnolls (D:8)
  4 adders
  A shadow imp (D:5)
  An ufetubus (D:5)
  A dart slug (D:5)
  6 orcs
  A ball python (D:4)
  3 kobolds
46 creatures vanquished.

Vanquished Creatures (others)
  A knight (D:7)
  An ancestor (D:5)
  4 plants (D:8)
6 creatures vanquished.

Grand Total: 204 creatures vanquished

Notes
Turn   | Place    | Note
-------+----------+-------------------------------------------
     0 | D:1      | experimilk the Deep Elf Arcane Marksman began the quest for
                  | the Orb.
     0 | D:1      | Reached XP level 1. HP: 11/11 MP: 5/5
   334 | D:1      | Reached skill level 3 in Bows
   348 | D:1      | Reached XP level 2. HP: 5/16 MP: 2/6
   636 | D:1      | Found a faded altar of an unknown god.
  1898 | D:1      | Reached XP level 3. HP: 17/20 MP: 7/7
  2240 | D:2      | Learned a level 3 spell: Inner Flame
  2455 | D:2      | Reached skill level 4 in Bows
  2455 | D:2      | Reached skill level 5 in Hexes
  2702 | D:2      | Found a hazy altar of Hepliaklqana.
  2736 | D:2      | Became a worshipper of Hepliaklqana the Forgotten
  2966 | D:2      | Reached XP level 4. HP: 12/24 MP: 8/8
  4725 | D:3      | Noticed Ijyb
  4734 | D:3      | Killed Ijyb
  4735 | D:3      | Reached skill level 5 in Bows
  5480 | D:4      | Noticed a black bear
  5534 | D:4      | Reached XP level 5. HP: 28/28 MP: 9/9
  5692 | D:4      | Noticed a black bear
  6423 | D:4      | Reached skill level 6 in Bows
  6530 | D:4      | Killed a black bear
  6531 | D:4      | Reached skill level 7 in Bows
  6531 | D:4      | Reached XP level 6. HP: 19/33 MP: 10/10
  6808 | D:4      | Reached * piety under Hepliaklqana
  6877 | D:4      | Found a staircase to the Ecumenical Temple.
  7067 | D:4      | Reached skill level 1 in Short Blades
  7259 | D:5      | Entered Level 5 of the Dungeon
  7585 | D:5      | Found a basalt altar of Yredelemnul.
  7658 | D:5      | Reached XP level 7. HP: 14/33 MP: 8/11
  8215 | D:5      | Reached skill level 8 in Bows
  8529 | D:5      | Reached XP level 8. HP: 37/37 MP: 7/12
  8773 | D:6      | Noticed Grinder
  8793 | D:6      | Paralysed by Grinder for 3 turns
  9015 | D:6      | Found a hazy altar of Hepliaklqana.
  9203 | D:6      | Reached skill level 9 in Bows
  9492 | D:6      | Reached ** piety under Hepliaklqana
  9493 | D:6      | Remembered your ancestor Amenemopet as a knight
  9505 | D:6      | Killed Grinder
  9506 | D:6      | Reached skill level 10 in Bows
  9506 | D:6      | Reached skill level 1 in Fighting
  9580 | D:6      | Learned a level 4 spell: Cause Fear
  9584 | D:6      | Learned a level 3 spell: Portal Projectile
  9712 | D:6      | Reached skill level 1 in Invocations
  9992 | D:6      | Reached XP level 9. HP: 42/42 MP: 14/14
 10851 | D:7      | Reached skill level 11 in Bows
 11830 | D:7      | Reached *** piety under Hepliaklqana
 11913 | D:7      | Found a shimmering blue altar of Sif Muna.
 12953 | D:8      | Reached skill level 12 in Bows
 13720 | D:8      | Killed by an exploding adder... ignited by their inner
                  | flame

Illustrated notes

Levels and vault maps discovered:
D:1:      lightli_arrival_isolated_outpost, layout_loops_ring, serial_aquarium,
          aquarium_bridge_long_separate [aquarium_subvault_wall,
          aquarium_subvault_bridge, aquarium_subvault_bridge,
          aquarium_subvault_bridge, aquarium_subvault_wall,
          aquarium_subvault_bridge], aquarium_bridge_square
          [aquarium_subvault_bridge, aquarium_subvault_bridge,
          aquarium_subvault_window, aquarium_subvault_window],
          aquarium_window_1, aquarium_window_1, aquarium_window_fake,
          aquarium_window_corner, aquarium_view_2e, aquarium_balcony_3a,
          hellmonk_ecumenical_altar_leap_of_faith
D:2:      layout_basic, basic_altar
D:3:      layout_basic, serial_aquarium, aquarium_bridge_long_joined
          [aquarium_subvault_bridge, aquarium_subvault_balcony,
          aquarium_subvault_bridge, aquarium_subvault_wall,
          aquarium_subvault_window, aquarium_subvault_bridge],
          aquarium_window_fake, aquarium_window_fake, aquarium_window_fake,
          aquarium_window_1, aquarium_view_2b, aquarium_balcony_3a, uniq_ijyb
D:4:      layout_basic, minmay_temple_entry_hall, kennysheep_generic_room_3
D:5:      layout_basic, mainiacjoe_overflow_brackets
D:6:      layout_rooms, mainiacjoe_overflow_boulevard, chequers_arboretum,
          hangedman_decor_peaks_small, uniq_grinder
D:7:      layout_loops_corners, overflow_temple_1_default,
          hangedman_decor_opposing, roderic_roman_lattice
D:8:      layout_gridville, erik_lair_orcish_takeover, introduction_to_nature_1,
          uniq_maggie

Skill      XL: |  1  2  3  4  5  6  7  8  9 |
---------------+----------------------------+-----
Bows           | 3 4 5 7 8 10 12 | 12.4
Hexes          | 5 6 7 9 |  9.0
Short Blades   | 1 3 4 |  4.5
Dodging        | 3 4 |  4.5
Fighting       | 1 3 |  3.4
Spellcasting   | 2 4 |  4.5
Invocations    | 1 4 |  4.3

Action                   |  1- 3 |  4- 6 |  7- 9 || total
-------------------------+-------+-------+-------++-------
Melee: Short sword       |    80 |   222 |    32 ||   334
       Club              |    15 |       |       ||    15
       Punch             |     1 |     5 |     1 ||     7
       Dagger            |       |       |     4 ||     4
 Fire: Shortbow          |    91 |    41 |   177 ||   309
Throw: Dart              |     2 |       |       ||     2
       Stone             |       |    63 |     2 ||    65
 Cast: Slow              |    24 |    24 |    20 ||    68
       Inner Flame       |     3 |     1 |    27 ||    31
       Cause Fear        |       |       |     4 ||     4
       Portal Projectile |       |       |     3 ||     3
Invok: Recall Ancestor   |       |       |     3 ||     3
       Ancestor Life: Kn |       |       |     1 ||     1
       Transference      |       |       |     1 ||     1
Evoke: Wand              |       |    10 |     5 ||    15
  Use: Scroll            |     1 |    10 |     1 ||    12
       Potion            |     1 |     1 |     4 ||     6
 Stab: Paralysed         |       |    11 |       ||    11
       Distracted        |       |       |     2 ||     2
Armor: Robe              |    48 |   103 |    23 ||   174
Dodge: Dodged            |    96 |   168 |    96 ||   360
